 Dungeon Crawl Stone Soup version 0.22-a0-358-g7563fe7 (webtiles) character file.

163719 Amnesiac the Devastator (level 17, 0/100 HPs)
             Began as a Deep Elf Conjurer on Apr 18, 2018.
             Was the Champion of Sif Muna.
             Slain by a spark wasp (8 damage)
             ... on level 1 of the Depths.
             The game lasted 01:08:15 (30064 turns).

Amnesiac the Devastator (Deep Elf Conjurer)        Turns: 30064, Time: 01:08:15

Health: 0/100      AC: 13    Str:  6    XL:     17   Next: 24%
Magic:  22/41      EV: 20    Int: 36    God:    Sif Muna [******]
Gold:   852        SH:  9    Dex: 19    Spells: 3/52 levels left

rFire    + . .     SeeInvis +   a - +4 dagger "Morg" {pain, MR+ Int+5}
rCold    + + .     Gourm    .   I - +3 buckler {AC+3}
rNeg     + . .     Faith    .   F - +1 robe {rC+ rF+}
rPois    .         Spirit   .   (no helmet)
rElec    .         Reflect  .   T - scarf {repulsion}
rCorr    .         Harm     .   x - +3 pair of gauntlets of War {Slay+5}
MR       ++...                  P - +1 pair of boots {Stlth+}
Stlth    +++.......             r - amulet of magic regeneration
HPRegen  0.26/turn              V - ring of Arrival {rC+ rN+ Int+2 Dex+3 Slay+3}
MPRegen  0.52/turn              H - ring of the Octopus King {AC+1 EV+1 Str+1 Int+1 Dex+1 SInv}

@: divine energy, repel missiles
A: no striking features
a: Stop Divine Energy, Channel Magic, Forget Spell, Renounce Religion


You were on level 1 of the Depths.
You worshipped Sif Muna.
Sif Muna was exalted by your worship.
You were not hungry.

You visited 5 branches of the dungeon, and saw 22 of its levels.
You also visited: Sewer and Bailey.

You collected 3340 gold pieces.
You spent 2488 gold pieces at shops.

Inventory:

Hand Weapons
 a - the +4 dagger "Morg" (weapon) {pain, MR+ Int+5}
   (You found it on level 3 of the Elven Halls)

   In the hands of one skilled in necromantic magic, it inflicts extra damage on
   living creatures.
   It affects your intelligence (+5).
   It affects your resistance to hostile enchantments.
 b - the +3 fustibalus of Butchery {flame, rElec}
   (You took it off a vampire on level 13 of the Dungeon)

   It causes projectiles fired from it to burn those they strike, causing extra
   injury to most foes and up to half again as much damage against particularly
   susceptible opponents.
   It insulates you from electricity.
 w - a +4 blowgun
Missiles
 N - 8 curare-tipped needles
Armour
 k - a +2 shield of poison resistance
 x - the +3 pair of gauntlets of War (worn) {Slay+5}
   (You found it on level 3 of the Elven Halls)

   It affects your accuracy and damage with ranged weapons and melee attacks
   (+5).
 F - a +1 robe of resistance (worn)
 I - a +3 buckler of protection (worn)
 P - a +1 pair of boots of stealth (worn)
 T - a scarf of repulsion (worn)
Magical Staves
 n - an uncursed staff of energy
Jewellery
 r - an amulet of magic regeneration (around neck)
 D - an uncursed amulet of harm
 H - a ring of the Octopus King (right hand) {AC+1 EV+1 Str+1 Int+1 Dex+1 SInv}
   (You took it off a crimson imp on level 10 of the Dungeon)

   [ring of see invisible]

   It affects your AC (+1).
   It affects your evasion (+1).
   It affects your strength (+1).
   It affects your intelligence (+1).
   It affects your dexterity (+1).
   It lets you see invisible.
 V - the ring of Arrival (left hand) {rC+ rN+ Int+2 Dex+3 Slay+3}
   (You found it on level 3 of the Elven Halls)

   [ring of positive energy]

   It affects your intelligence (+2).
   It affects your dexterity (+3).
   It affects your accuracy and damage with ranged weapons and melee attacks
   (+3).
   It protects you from cold.
   It protects you from negative energy.
Wands
 j - a wand of clouds (13)
 l - a wand of digging (8)
 m - a wand of acid (17)
 o - a wand of iceblast (30)
 O - a wand of scattershot (3)
Scrolls
 e - 3 scrolls of identify {!r}
 h - 3 scrolls of blinking {!r}
 i - 2 scrolls of fog {!r}
 q - 12 scrolls of remove curse {!r}
 u - 6 scrolls of teleportation {!r}
 v - 5 scrolls of holy word {!r}
 y - 4 scrolls of magic mapping {!r}
 B - 2 scrolls of enchant armour {!r}
 C - 2 scrolls of amnesia {!r}
 E - 4 scrolls of fear {!r}
 G - a scroll of silence {!r}
 L - 3 scrolls of brand weapon {!r}
 R - a scroll of summoning {!r}
 S - a scroll of vulnerability {!r}
Potions
 d - a potion of heal wounds {!q}
 g - 9 potions of curing {!q}
 p - 2 potions of cancellation {!q}
 s - a potion of brilliance {!q}
 t - 2 potions of flight {!q}
 z - a potion of might {!q}
 K - 4 potions of haste {!q}
 M - 3 potions of ambrosia {!q}
 Q - 3 potions of mutation {!q}
 U - a potion of agility {!q}
 W - 3 potions of lignification {!q}
Comestibles
 c - 22 rations
 f - a chunk of flesh


   Skills:
 - Level 9.0 Fighting
 - Level 9.0 Dodging
 - Level 2.4 Stealth
 - Level 4.0 Shields
 - Level 18.0 Spellcasting
 - Level 18.0 Conjurations
 + Level 17.6 Earth Magic
 - Level 8.5 Invocations


You had 3 spell levels left.
You knew the following spells:

 Your Spells              Type           Power        Failure   Level  Hunger
a - Lehudib's Crystal Sp  Conj/Erth      ########..   4%          8    #####..
b - Passwall              Tmut/Erth      #######...   1%          2    None
c - Force Lance           Conj/Tloc      #######.     1%          4    None
d - Borgnjor's Vile Clut  Necr/Erth      #######...   1%          5    None
e - Orb of Destruction    Conj           ########..   1%          7    ##.....
f - Magic Dart            Conj           ####         0%          1    None
g - Ozocubu's Armour      Chrm/Ice       ####....     3%          3    None
h - Iron Shot             Conj/Erth      ########..   1%          6    None
i - Iskenderun's Mystic   Conj           ########     0%          4    None
j - Searing Ray           Conj           ######       0%          2    None
k - Lee's Rapid Deconstr  Erth           ########..   1%          5    None
v - Blink                 Tloc           N/A          1%          2    None


Dungeon Overview and Level Annotations

Branches:
Dungeon (15/15)            Temple (1/1) D:5            Lair (0/6) D:11
    Orc (2/2) D:9             Elf (3/3) Orc:2        Vaults (0/5) D:14
 Depths (1/5) D:15

Altars:
Ashenzari
Cheibriados
Dithmenos
Elyvilon
Fedhas
Gozag
Hepliaklqana
Kikubaaqudgha
Makhleb
Nemelex Xobeh
Okawaru
Qazlal
Ru
Sif Muna
Trog
Uskayaw
Vehumet
Wu Jian
Xom
Yredelemnul
Zin
The Shining One
Beogh

Shops:
D:4 *   D:8 %   D:12 [   Orc:1 ?   Orc:2 :?=:   Elf:3 [

Annotations:
Elf:2 Nikola


Message History

Confirm with . or Enter, or press ? or * to list all spells.
Aiming: Lehudib's Crystal Spear (safe; 4% risk of failure)
Press: ? - help, Shift-Dir - straight line, f - fire giant
Aim: a fire giant, wielding a great sword of flaming The crystal spear hits the fire giant.
The fire giant is heavily wounded.
Unknown command.
Casting: Lehudib's Crystal Spear (safe; 4% risk of failure)
Confirm with . or Enter, or press ? or * to list all spells.
Aiming: Lehudib's Crystal Spear (safe; 4% risk of failure)
Press: ? - help, Shift-Dir - straight line, f/p - fire giant
Aim: a fire giant, wielding a great sword of flaming (heavily wounded)
The crystal spear hits the fire giant.
You kill the fire giant!
Sif Muna accepts your kill.
You are feeling hungry.
You start resting.
A frost giant comes into view. It is wielding a battleaxe of freezing.
An ettin comes into view. It is wielding two dire flails.
A fire dragon comes into view.
Things that are here:
27 bolts; an uncursed arbalest; a yaktaur skeleton
Items here: ( ))) † an arbalest of velocity; 18 bolts; a giant club x2; a yaktaur corpse You butcher the yaktaur corpse.
f - 2 chunks of flesh
Items here: ( ))) an arbalest of velocity; 18 bolts; a giant club x2
Eating one of 2 chunks of flesh.
You eat one of the 2 chunks of flesh.
This raw flesh tastes terrible.
Casting: Lehudib's Crystal Spear (safe; 4% risk of failure)
Confirm with . or Enter, or press ? or * to list all spells.
Aiming: Lehudib's Crystal Spear (safe; 4% risk of failure)
Press: ? - help, Shift-Dir - straight line, f - frost giant
Aim: a frost giant, wielding a battleaxe of freezing The crystal spear hits the frost giant.
The frost giant is heavily wounded.
You hear a deafening roar!
You hear an angry buzzing noise.
You hear a shout!
You hear an angry buzzing noise.
You hear a shout! x2
Unknown command.
Casting: Lehudib's Crystal Spear (safe; 4% risk of failure)
Confirm with . or Enter, or press ? or * to list all spells.
Aiming: Lehudib's Crystal Spear (safe; 4% risk of failure)
Press: ? - help, Shift-Dir - straight line, f/p - frost giant
Aim: a frost giant, wielding a battleaxe of freezing (heavily wounded)
The crystal spear hits the frost giant.
You kill the frost giant!
Sif Muna accepts your kill.
Unknown command.
You see here a bolt.
Casting: Lehudib's Crystal Spear (safe; 4% risk of failure)
Confirm with . or Enter, or press ? or * to list all spells.
Which direction?
The spark wasp stings you!! The spark wasp shocks you!
* * * LOW HITPOINT WARNING * * *
You begin to meditate on the wall.
You continue meditating on the rock.
The spark wasp misses you. The spark wasp stings you!!
* * * LOW HITPOINT WARNING * * *
The spark wasp shocks you!
* * * LOW HITPOINT WARNING * * *
You continue meditating on the rock.
The ettin closely misses you. You block the ettin's attack.
The spark wasp stings you!
You die...

##'# #).#####
.########.)....#
........
........÷..)...#
.......
..)C)..<÷......#
......
........÷......# .....
###..####)###.######
#..# #.
###(#######..###..####
C.
+...C@((#.............
#.
#....yD.#.....Q(......
#
######.[##....##....##
..###C.##....##....#
#.......(.....+.......
#.......###'####.>....
##+###..# #...... #..#
...cQ.. .... #.Q..##


You could see a frost giant, a fire dragon, an ettin and a spark wasp.

Vanquished Creatures
  4 deep elf blademasters (Elf:3)
  5 deep elf master archers (Elf:3)
  A sphinx (Depths:1)
  Roxanne (Elf:2)
  A fire giant (Depths:1)
  An orc warlord (Orc:2)
  A frost giant (Depths:1)
  6 deep elf sorcerers
  3 deep elf elementalists (Elf:3)
  3 deep elf demonologists (Elf:3)
  3 deep elf annihilators (Elf:3)
  5 deep elf death magi
  A yaktaur captain (Depths:1)
  A deep elf high priest (Elf:3)
  Fannar (D:10)
  A death knight (D:8)
  A catoblepas (D:15)
  9 centaur warriors
  A hydra (D:12)
  19 two-headed ogres
  17 dancing weapons
  An ogre mage (Depths:1)
  A vampire mage (D:15)
  5 orc high priests
  2 tengu warriors (Depths:1)
  16 deep elf knights
  Sonja (D:11)
  4 unseen horrors
  2 skeletal warriors (D:15)
  3 wizards
  An unseen horror (shapeshifter) (Elf:1)
  13 deep elf archers
  Pikel (D:5)
  7 orc knights
  A necromancer (D:15)
  A tengu zombie (D:15)
  A wolf spider (shapeshifter) (Elf:1)
  47 deep elf magi
  5 orc sorcerers
  12 ugly things
  A fire giant zombie (D:15)
  2 cyclopes (D:15)
  A manticore (D:13)
  6 centaur skeletons
  A spriggan zombie (D:15)
  A redback zombie (D:13)
  4 yaktaurs
  10 trolls
  A hornet (shapeshifter) (Elf:1)
  10 slime creatures
  A hornet (D:10)
  A fire dragon zombie (D:15)
  2 hippogriffs
  Sigmund (D:3)
  A spriggan (D:11)
  2 air elementals
  A shadow (D:15)
  8 yaks (D:10)
  2 vampires
  4 water elementals
  3 wraiths
  A hog (shapeshifter) (Elf:2)
  A wyvern (D:9)
  2 basilisks
  2 hungry ghosts
  A steam dragon (D:13)
  2 fire elementals
  6 vampire mosquitoes
  6 wargs
  2 acid dragons
  3 water moccasins
  2 hell hounds (D:11)
  53 orc warriors
  A hornet zombie (D:14)
  6 ice beasts
  2 phantoms
  An eye of draining (D:13)
  4 sky beasts
  2 necrophages
  2 boggarts (Elf:1)
  9 ogres
  26 centaurs
  A crocodile (D:10)
  10 bullfrogs
  7 big kobolds
  A wyvern zombie (D:14)
  5 earth elementals
  A water moccasin zombie (D:10)
  7 scorpions
  A wyvern skeleton (D:12)
  2 jellies
  6 killer bees
  7 wights
  4 electric eels
  7 crimson imps
  3 lava snakes (D:8)
  7 hounds
  A centaur zombie (D:8)
  37 orc priests
  25 orc wizards
  2 iguanas (D:8)
  Jessica (D:3)
  10 worker ants
  2 hound zombies
  A howler monkey zombie (D:9)
  11 gnolls
  2 river rats (Sewer)
  7 adders
  4 shadow imps
  An ooze (D:4)
  An adder skeleton (D:4)
  A worm (D:3)
  4 dart slugs
  11 leopard geckos
  134 orcs
  13 giant cockroaches
  8 hobgoblins
  8 jackals
  5 quokkas
  3 ball pythons
  14 bats
  8 frilled lizards
  11 goblins
  34 kobolds
  A quokka skeleton (D:7)
  5 rats
840 creatures vanquished.

Notes
Turn   | Place    | Note
-------+----------+-------------------------------------------
     0 | D:1      | Amnesiac the Deep Elf Conjurer began the quest for the Orb.
     0 | D:1      | Reached XP level 1. HP: 10/10 MP: 6/6
   183 | D:1      | Reached skill level 1 in Fighting
   238 | D:1      | Reached XP level 2. HP: 13/16 MP: 2/8
   478 | D:1      | Reached XP level 3. HP: 21/21 MP: 6/9
  1395 | D:2      | Reached XP level 4. HP: 27/27 MP: 5/10
  1423 | D:2      | Learned a level 4 spell: Iskenderun's Mystic Blast
  1572 | D:2      | Found a faded altar of an unknown god.
  1967 | D:3      | Noticed Jessica
  1972 | D:3      | Killed Jessica
  1972 | D:3      | Reached XP level 5. HP: 32/32 MP: 5/11
  2054 | D:3      | Noticed Sigmund
  2373 | D:3      | Found a white marble altar of Elyvilon.
  2998 | D:4      | Reached skill level 5 in Conjurations
  3043 | D:4      | Got a distressingly furry ring mail
  3051 | D:4      | Noticed a phantom
  3477 | D:4      | Learned a level 2 spell: Searing Ray
  3632 | D:4      | Found Ivolek's Elemental Accessories.
  3816 | D:4      | Reached XP level 6. HP: 38/38 MP: 8/13
  4411 | D:5      | Entered Level 5 of the Dungeon
  4624 | D:5      | Found a glowing silver altar of Zin.
  4625 | D:5      | Noticed an angel
  4668 | D:5      | Found a shimmering altar of Xom.
  4689 | D:5      | Found a staircase to the Ecumenical Temple.
  4692 | D:5      | Noticed a slave
  4694 | D:5      | Noticed Pikel
  4695 | Temple   | Entered the Ecumenical Temple
  4756 | D:5      | Reached XP level 7. HP: 42/44 MP: 8/15
  4801 | D:5      | Found a glowing drain.
  4844 | Sewer    | Entered a sewer
  5029 | Sewer    | Reached skill level 5 in Fighting
  5029 | Sewer    | Reached skill level 5 in Dodging
  5065 | Sewer    | Found a white marble altar of Elyvilon.
  5149 | D:5      | Reached skill level 5 in Spellcasting
  5470 | D:5      | Found a deep blue altar of Sif Muna.
  5471 | D:5      | Found a sparkling altar of Nemelex Xobeh.
  5489 | D:5      | Became a worshipper of Sif Muna the Loreminder
  5522 | D:5      | Reached * piety under Sif Muna
  5522 | D:5      | Reached ** piety under Sif Muna
  5522 | D:5      | Reached *** piety under Sif Muna
  5522 | D:5      | Reached skill level 10 in Spellcasting
  5522 | D:5      | Reached XP level 8. HP: 51/51 MP: 15/24
  5530 | D:5      | Killed Pikel
  5530 | D:5      | Reached XP level 9. HP: 55/55 MP: 0/25
  6054 | D:3      | Killed Sigmund
  6252 | D:6      | Found an iron altar of Okawaru.
  6254 | D:6      | Found an opulent altar of Gozag.
  6254 | D:6      | Found a snail-covered altar of Cheibriados.
  6275 | D:6      | Found a radiant altar of Vehumet.
  6280 | D:6      | Found an ornate altar of the Wu Jian Council.
  6631 | D:6      | Learned a level 4 spell: Force Lance
  7092 | D:7      | Reached **** piety under Sif Muna
  7351 | D:7      | Reached XP level 10. HP: 60/60 MP: 0/27
  7832 | D:7      | Found a shadowy altar of Dithmenos.
  8036 | D:8      | Found Lank's Food Shop.
  8058 | D:8      | Identified the cursed +0 ring mail of Disguise {Str+4 Stlth+} (You found it on level 4 of the Dungeon)
  8281 | D:8      | Noticed a death knight
  8373 | D:8      | Killed a death knight
  8373 | D:8      | Reached ***** piety under Sif Muna
  8373 | D:8      | Identified Sif Muna's Disquisition on Flying Protection (Sif Muna gifted it to you on level 8 of the Dungeon)
  8373 | D:8      | Received a gift from Sif Muna
  8616 | D:8      | Reached skill level 1 in Invocations
  8872 | D:9      | Noticed a two-headed ogre
  9113 | D:9      | Found a burning altar of Makhleb.
  9201 | D:9      | Noticed a two-headed ogre
  9212 | D:9      | Killed a two-headed ogre
  9263 | D:9      | Noticed a two-headed ogre
  9276 | D:9      | Killed a two-headed ogre
  9276 | D:9      | Reached skill level 5 in Invocations
  9276 | D:9      | Reached XP level 11. HP: 56/64 MP: 0/29
  9522 | D:9      | Found a sacrificial altar of Ru.
  9618 | D:9      | Killed a two-headed ogre
  9712 | D:9      | Found a staircase to the Orcish Mines.
  9772 | D:9      | Noticed a two-headed ogre
  9776 | D:9      | Killed a two-headed ogre
  9907 | Orc:1    | Entered Level 1 of the Orcish Mines
  9986 | Orc:1    | Noticed a two-headed ogre
  9990 | Orc:1    | Killed a two-headed ogre
 10323 | Orc:1    | Found Exaocott's Magic Scroll Boutique.
 10505 | Orc:2    | Entered Level 2 of the Orcish Mines
 11295 | Orc:2    | Noticed a two-headed ogre
 11298 | Orc:2    | Killed a two-headed ogre
 11347 | Orc:2    | Noticed a two-headed ogre
 11354 | Orc:2    | Killed a two-headed ogre
 11392 | Orc:2    | Noticed a two-headed ogre
 11397 | Orc:2    | Killed a two-headed ogre
 11447 | Orc:2    | Reached XP level 12. HP: 62/73 MP: 11/30
 11457 | Orc:2    | Noticed a two-headed ogre
 11461 | Orc:2    | Killed a two-headed ogre
 11562 | Orc:2    | Found a roughly hewn altar of Beogh.
 11636 | Orc:2    | Noticed a two-headed ogre
 11656 | Orc:2    | Killed a two-headed ogre
 11737 | Orc:2    | Found Pojum's Magic Scroll Emporium.
 11789 | Orc:2    | Found Gaevonn's Book Shoppe.
 12146 | Orc:2    | Identified Xonlem's Incunabulum of Venom and Dark Rituals
 12170 | Orc:2    | Noticed a two-headed ogre
 12176 | Orc:2    | Killed a two-headed ogre
 12297 | Orc:2    | Found a staircase to the Elven Halls.
 12482 | Orc:2    | Noticed an orc warlord
 12652 | Orc:2    | Killed an orc warlord
 12865 | Orc:2    | Found a roughly hewn altar of Beogh.
 12874 | Orc:2    | Noticed an orc high priest
 12879 | Orc:2    | Killed an orc high priest
 12898 | Orc:2    | Identified Sif Muna's Grimoire of Doomed Conjuration (Sif Muna gifted it to you on level 2 of the Orcish Mines)
 12898 | Orc:2    | Received a gift from Sif Muna
 12903 | Orc:2    | Learned a level 2 spell: Blink
 13064 | Orc:2    | Noticed an orc high priest
 13065 | Orc:2    | Found Zacrymmoe's Jewellery Boutique.
 13073 | Orc:2    | Killed an orc high priest
 13157 | Orc:2    | Noticed an orc high priest
 13160 | Orc:2    | Killed an orc high priest
 13275 | Orc:2    | Found Zyprom's Book Shoppe.
 13304 | Orc:2    | Reached XP level 13. HP: 80/80 MP: 24/33
 13703 | D:10     | Entered Level 10 of the Dungeon
 13914 | D:10     | Noticed Fannar
 14549 | D:10     | Got a ring of the Octopus King
 14550 | D:10     | Identified a ring of the Octopus King {AC+1 EV+1 Str+1 Int+1 Dex+1 SInv} (You took it off a crimson imp on level 10 of the Dungeon)
 14578 | D:10     | Killed Fannar
 14578 | D:10     | Reached skill level 15 in Conjurations
 14638 | D:10     | Got a heavily runed plate armour
 15329 | D:11     | Noticed Sonja
 15330 | D:11     | Killed Sonja
 15477 | D:11     | Identified the +6 plate armour "Ceumaer" {*Corrode rC+ Str+6} (You took it off an orc on level 10 of the Dungeon)
 15502 | D:11     | Found a staircase to the Lair.
 15504 | D:11     | Identified Sif Muna's Volume of Dusty Stolen Souls (Sif Muna gifted it to you on level 11 of the Dungeon)
 15504 | D:11     | Received a gift from Sif Muna
 15696 | D:11     | Reached skill level 15 in Spellcasting
 16269 | Orc:2    | Bought a book of Geomancy for 420 gold pieces
 16269 | Orc:2    | Bought a book of Power for 540 gold pieces
 16357 | D:11     | Learned a level 2 spell: Passwall
 16801 | Orc:2    | Bought a scroll of magic mapping for 56 gold pieces
 16801 | Orc:2    | Bought a scroll of enchant weapon for 120 gold pieces
 16802 | Orc:2    | Bought a scroll of enchant weapon for 120 gold pieces
 16853 | Orc:1    | Bought a scroll of fear for 45 gold pieces
 16853 | Orc:1    | Bought a scroll of teleportation for 39 gold pieces
 16853 | Orc:1    | Bought a scroll of enchant armour for 97 gold pieces
 16853 | Orc:1    | Bought a scroll of blinking for 97 gold pieces
 16950 | D:10     | Learned a level 7 spell: Orb of Destruction
 17383 | D:12     | Found Qeyqeg's Armour Shoppe.
 17391 | D:12     | Bought a +2 buckler of protection for 279 gold pieces
 17499 | D:12     | Reached skill level 1 in Shields
 18427 | D:13     | Got a bloodstained fustibalus
 18428 | D:13     | Identified the +3 fustibalus of Butchery {flame, rElec} (You took it off a vampire on level 13 of the Dungeon)
 18850 | D:13     | Reached XP level 14. HP: 77/86 MP: 12/35
 19530 | D:14     | Found a flagged portal.
 19547 | Bailey   | Entered a bailey
 19958 | D:14     | Identified Rariufef's Catalogue of Air and Dislocation (Sif Muna gifted it to you on level 14 of the Dungeon)
 19958 | D:14     | Received a gift from Sif Muna
 20237 | D:14     | Found a gate to the Vaults.
 20912 | D:15     | Entered Level 15 of the Dungeon
 21259 | D:15     | Found a staircase to the Depths.
 22713 | Elf:1    | Entered Level 1 of the Elven Halls
 22797 | Orc:2    | Learned a level 3 spell: Ozocubu's Armour
 22804 | Orc:2    | Learned a level 6 spell: Iron Shot
 22998 | Elf:1    | Identified Zolap's Almanac of Icy Attacks (Sif Muna gifted it to you on level 1 of the Elven Halls)
 22998 | Elf:1    | Received a gift from Sif Muna
 23147 | Elf:1    | Found a radiant altar of Vehumet.
 23443 | Elf:1    | Reached XP level 15. HP: 90/90 MP: 31/38
 23770 | Elf:1    | Reached skill level 1 in Earth Magic
 23780 | Elf:1    | Noticed a deep elf sorcerer
 23787 | Elf:1    | Killed a deep elf sorcerer
 24129 | Elf:1    | Reached skill level 5 in Earth Magic
 24218 | Elf:1    | Learned a level 8 spell: Lehudib's Crystal Spear
 24923 | Elf:2    | Identified Sif Muna's Grimoire of the Damaging Rocks (Sif Muna gifted it to you on level 2 of the Elven Halls)
 24923 | Elf:2    | Received a gift from Sif Muna
 25083 | Elf:2    | Learned a level 5 spell: Borgnjor's Vile Clutch
 25411 | Elf:2    | Found a huge runed gate.
 25411 | Elf:2    | Found a huge runed gate.
 25412 | Elf:2    | Found a huge runed gate.
 25417 | Elf:2    | Found a huge runed gate.
 25421 | Elf:2    | Found a huge runed gate.
 25425 | Elf:2    | Reached skill level 10 in Earth Magic
 25783 | Elf:2    | Noticed Roxanne
 25795 | Elf:2    | Killed Roxanne
 25799 | Elf:2    | Identified Roxanne's Tome of Transformation (You took it off Roxanne on level 2 of the Elven Halls)
 26043 | Elf:2    | Noticed a deep elf blademaster
 26192 | Elf:2    | Noticed Nikola
 26475 | Elf:3    | Entered Level 3 of the Elven Halls
 26485 | Elf:3    | Found Ubauph's Antique Armour Emporium.
 26494 | Elf:3    | Bought a pair of glowing boots for 225 gold pieces
 26494 | Elf:3    | Bought a pair of glowing gloves for 225 gold pieces
 26516 | Elf:3    | Bought a glowing shield for 225 gold pieces
 26836 | Elf:3    | Reached XP level 16. HP: 87/96 MP: 7/40
 27458 | Elf:3    | Identified Roeg's Compendium of Fetching Creation (Sif Muna gifted it to you on level 3 of the Elven Halls)
 27458 | Elf:3    | Received a gift from Sif Muna
 27849 | Elf:3    | Noticed a deep elf master archer
 27852 | Elf:3    | Killed a deep elf master archer
 27866 | Elf:3    | Noticed a deep elf blademaster
 27871 | Elf:3    | Killed a deep elf blademaster
 28003 | Elf:3    | Noticed a deep elf blademaster
 28005 | Elf:3    | Killed a deep elf blademaster
 28009 | Elf:3    | Noticed a deep elf master archer
 28015 | Elf:3    | Noticed a deep elf master archer
 28025 | Elf:3    | Killed a deep elf master archer
 28027 | Elf:3    | Killed a deep elf master archer
 28175 | Elf:3    | Reached skill level 15 in Earth Magic
 28275 | Elf:3    | Noticed a deep elf master archer
 28299 | Elf:3    | Killed a deep elf master archer
 28363 | Elf:3    | Learned a level 5 spell: Lee's Rapid Deconstruction
 28486 | Elf:3    | Noticed a deep elf master archer
 28488 | Elf:3    | Noticed a deep elf blademaster
 28488 | Elf:3    | Noticed a deep elf blademaster
 28492 | Elf:3    | Killed a deep elf blademaster
 28492 | Elf:3    | Received a gift from Sif Muna
 28492 | Elf:3    | Reached ****** piety under Sif Muna
 28495 | Elf:3    | Killed a deep elf blademaster
 28764 | Elf:3    | Identified the Compendium of Ashen Calling
 28771 | Elf:3    | Got a bound wooden ring
 28784 | Elf:3    | Identified the ring of Arrival {rC+ rN+ Int+2 Dex+3 Slay+3} (You found it on level 3 of the Elven Halls)
 28814 | Elf:3    | Got a jewelled short sword
 28815 | Elf:3    | Identified the cursed +0 short sword "Anufaic" {pierce, rElec Dex+3} (You found it on level 3 of the Elven Halls)
 28870 | Elf:3    | Found the +3 pair of gauntlets of War {Slay+5}
 29005 | Elf:3    | Killed a deep elf master archer
 29005 | Elf:3    | Reached XP level 17. HP: 39/100 MP: 24/41
 29021 | Elf:3    | Found the +4 dagger "Morg" {pain, MR+ Int+5}
 29112 | Elf:3    | Got a crude great sword
 29634 | Depths:1 | Entered Level 1 of the Depths
 30064 | Depths:1 | Slain by a spark wasp

Vault maps used:
D:1:      eino_arrival_water_cross, minmay_hexomino_p4
D:2:      first_ration, chequers_ecumenical_altar_lobes
D:3:      elyvilon_altar_1, uniq_sigmund, uniq_jessica
D:4:      nicolae_elemental_shop
D:5:      grunt_temple_overflow_order_and_chaos_1,
          gammafunk_temple_overflow_statue, temple_statues,
          gup_sewer_entry_glass, uniq_pikel
D:6:      minmay_overflow_temple_star_hex
D:7:      lemuel_round_altar
D:8:      kennysheep_big_flooded_room, serial_shops, nicolae_shop_crystal
D:9:      lemuel_crystal_altar, david_orc_2, basic_altar,
          kennysheep_generic_room_10
D:10:     hangedman_cross_cluster, uniq_fannar
D:11:     minmay_goldmine, minmay_lair_entry_lava, the_bakery,
          kennysheep_pointless_box, uniq_sonja
D:12:     kennysheep_small_square
D:14:     erik_vaults_1, patterned_corridor, enter_bailey_2
D:15:     gammafunk_depths_entry_grave, kennysheep_crisscross
Temple:   zaba_magenta_temple
Orc:1:    serial_shops, nicolae_shop_temple_entry_statues_fountains
Orc:2:    pubby_orc_utopia, serial_shops
Elf:1:    eino_elf_arrival_altar, hangedman_elf_disciples,
          small_statue_intersection
Elf:2:    uniq_nikola, uniq_roxanne
Elf:3:    minmay_elf_hall, serial_shops, nicolae_shop_overgrown_old_shop,
          stair_cage_cross
Depths:1: hell_entry, kennysheep_decorative_pillar, serial_shops, shop_statue,
          abyss_entry_flame_altar, st_stairs_11, minmay_misc_feat_room,
          corexii_hall_statues_i, kennysheep_two_boxes
Sewer:    sewer_kobolds
Bailey:   bailey_polearm_4, bailey

Skill      XL: |  1  2  3  4  5  6  7  8  9 10 11 12 13 14 15 16 17 |
---------------+----------------------------------------------------+-----
Fighting       | 1 2 3 4 5 7 9 |  9.0
Dodging        | 3 4 5 7 9 |  9.0
Conjurations   | 5 11 12 13 14 16 18 | 18.0
Spellcasting   | 4 10 11 12 14 15 17 18 | 18.0
Invocations    | 5 8 |  8.5
Shields        | 4 |  4.0
Earth Magic    | 11 16 17 | 17.6
Stealth        | |  2.4

Action                   |  1- 3 |  4- 6 |  7- 9 | 10-12 | 13-15 | 16-18 || total
-------------------------+-------+-------+-------+-------+-------+-------++-------
Melee: Unarmed           |     4 |     6 |    28 |       |       |       ||    38
       Dagger            |       |       |       |       |       |     3 ||     3
 Fire: Blowgun           |       |       |       |       |     5 |       ||     5
 Cast: Magic Dart        |    74 |   160 |    41 |       |       |       ||   275
       Searing Ray       |       |    14 |     8 |       |       |       ||    22
       Iskenderun's Myst |       |     6 |    74 |   457 |   637 |    83 ||  1257
       Passwall          |       |       |       |       |    27 |     1 ||    28
       Orb of Destructio |       |       |       |       |    69 |    47 ||   116
       Iron Shot         |       |       |       |       |    31 |       ||    31
       Borgnjor's Vile C |       |       |       |       |       |    14 ||    14
       Lehudib's Crystal |       |       |       |       |       |    10 ||    10
Invok: Divine Energy     |       |       |     1 |       |       |       ||     1
       Channel Magic     |       |       |       |       |     3 |     1 ||     4
Evoke: Wand              |       |       |     2 |     5 |     8 |     1 ||    16
  Use: Scroll            |     4 |     3 |     6 |    12 |    14 |     7 ||    46
       Potion            |       |       |     8 |       |     4 |     2 ||    14
  Eat: Chunk             |     1 |    12 |     5 |    18 |    49 |    15 ||   100
       Ration            |       |       |     1 |       |     4 |     1 ||     6
Armor: Robe              |    10 |     6 |    12 |     1 |    23 |     4 ||    56
       Ring mail         |       |       |       |    17 |    28 |       ||    45
       Plate armour      |       |       |       |       |     3 |       ||     3
Dodge: Dodged            |    27 |    45 |    69 |    83 |   172 |    43 ||   439
       Deflected         |       |       |       |       |     9 |    12 ||    21
Block: Other             |       |       |     1 |     1 |       |       ||     2
       Reflection        |       |       |       |     1 |       |       ||     1
       Buckler           |       |       |       |       |    75 |    18 ||    93

Table legend:
 A = Spawn XP
 B = Non-spawn XP
 C = Spawn XP percentage of total XP
 D = Spawn monster count
 E = Non-spawn monster count
 F = Spawn count percentage of total count
 G = Total turns spent on level
                    A         B        C        D         E        F      G
               +---------+---------+-------+---------+---------+-------+---------
         Total |       0 |  232596 |   0.0 |       0 |     840 |   0.0 | 30064
               +---------+---------+-------+---------+---------+-------+---------
           D:1 |       0 |      56 |   0.0 |       0 |      31 |   0.0 |  1235
           D:2 |       0 |     116 |   0.0 |       0 |      23 |   0.0 |   731
           D:3 |       0 |     457 |   0.0 |       0 |      30 |   0.0 |  1186
           D:4 |       0 |     281 |   0.0 |       0 |      23 |   0.0 |  1488
           D:5 |       0 |    1404 |   0.0 |       0 |      31 |   0.0 |  1181
           D:6 |       0 |     765 |   0.0 |       0 |      25 |   0.0 |   836
           D:7 |       0 |    1952 |   0.0 |       0 |      34 |   0.0 |   929
           D:8 |       0 |    2477 |   0.0 |       0 |      18 |   0.0 |  1017
           D:9 |       0 |    5408 |   0.0 |       0 |      43 |   0.0 |  1193
          D:10 |       0 |    9034 |   0.0 |       0 |      51 |   0.0 |  1514
          D:11 |       0 |    3210 |   0.0 |       0 |      27 |   0.0 |  1719
          D:12 |       0 |    5177 |   0.0 |       0 |      27 |   0.0 |   825
          D:13 |       0 |   10995 |   0.0 |       0 |      50 |   0.0 |  1551
          D:14 |       0 |    4194 |   0.0 |       0 |      17 |   0.0 |  1092
          D:15 |       0 |   18453 |   0.0 |       0 |      42 |   0.0 |  1885
         Orc:1 |       0 |    2087 |   0.0 |       0 |      21 |   0.0 |   700
         Orc:2 |       0 |   23659 |   0.0 |       0 |     150 |   0.0 |  3875
         Elf:1 |       0 |   27478 |   0.0 |       0 |      45 |   0.0 |  1542
         Elf:2 |       0 |   27201 |   0.0 |       0 |      43 |   0.0 |  1827
         Elf:3 |       0 |   67126 |   0.0 |       0 |      62 |   0.0 |  2845
      Depths:1 |       0 |   17608 |   0.0 |       0 |      20 |   0.0 |   146
         Sewer |       0 |     128 |   0.0 |       0 |       9 |   0.0 |   299
        Bailey |       0 |    3330 |   0.0 |       0 |      18 |   0.0 |   386
               +---------+---------+-------+---------+---------+-------+---------
